 Dungeon Crawl Stone Soup version 0.31.0-12-g77e489cdc1 (webtiles) character file.

Game seed: 11829554202332393607

25 monsoonserge the Sneak (level 2, -1/16 HPs)
             Began as a Spriggan Delver on Feb 21, 2024.
             Slain by a hound (4 damage)
             ... on level 5 of the Dungeon.
             The game lasted 00:01:49 (299 turns).

monsoonserge the Sneak (Spriggan Delver)             Turns: 299, Time: 00:01:50

Health: -1/16      AC:  2    Str:  8    XL:     2   Next: 86%
Magic:  3/3        EV: 17    Int: 11    God:
Gold:   37         SH:  0    Dex: 16    Spells: 1/1 levels left

rFire   . . .        a - +0 short sword
rCold   . . .        (no shield)
rNeg    . . .        b - +0 robe
rPois   .            (helmet restricted)
rElec   .            (no cloak)
rCorr   .            (gloves unavailable)
SInv    +            (boots unavailable)
Will    .....        (no amulet)
Stlth   ++++         (no ring)
HPRegen 0.22/turn    (no ring)
MPRegen 0.08/turn

%: no passive effects
@: very quick
A: very small, no large weapons, unfitting armour, see invisible, speed 3
a: no special abilities


You were on level 5 of the Dungeon.
You visited 1 branch of the dungeon, and saw 1 of its levels.

You collected 37 gold pieces.

Inventory:

Hand Weapons
 a - a +0 short sword (weapon)
Armour
 b - a +0 robe (worn)
Wands
 g - a wand of digging (3)
Scrolls
 c - a scroll of fog
 d - 2 scrolls of revelation
 e - a scroll of fear
 i - a scroll of identify {unknown}
 j - a scroll of brand weapon {unknown}
Potions
 f - a potion of haste
 h - a potion of invisibility {unknown}


   Skills:
 + Level 2.5 Fighting
 * Level 2.8 Short Blades
 + Level 2.7 Dodging
 + Level 7.9 Stealth


You had one spell level left.
You didn't know any spells.
Your spell library was empty.

Dungeon Overview and Level Annotations

Branches:
Dungeon (5/15)
 Temple: D:4-7

Altars:

Portals:
Sewer: D:5


Innate Abilities, Weirdness & Mutations

You are very small and have problems with some larger weapons.
You are too small for most types of armour.
You have supernaturally acute eyesight. (SInv)
You cover ground extremely quickly. (Speed+++)


Message History

A jackal comes into view.
The jackal bites you. The hound barely misses you.
The jackal barks!
You hit the hound but do no damage.
The hound is severely wounded.
The jackal barely misses you. The hound bites you.
You closely miss the hound.
The hound is severely wounded.
The jackal barely misses you. The hound completely misses you.
You closely miss the hound.
The hound is severely wounded.
The jackal barely misses you. The hound barely misses you.
The jackal bites you. The hound bites you.
You barely miss the hound.
The hound is severely wounded.
The hound misses you. The jackal misses you.
You closely miss the hound.
The hound is severely wounded.
The jackal closely misses you. The hound closely misses you.
The jackal bites you but does no damage.
The jackal completely misses you.
You barely miss the hound.
The hound is severely wounded.
The hound closely misses you. The jackal barely misses you.
The jackal misses you. The hound bites you but does no damage.
You closely miss the hound.
The hound is severely wounded.
The jackal barely misses you. The jackal completely misses you.
The hound bites you.
* * * LOW HITPOINT WARNING * * *
The jackal barely misses you.
You barely miss the hound.
The hound is severely wounded.
The jackal closely misses you. The hound bites you.
* * * LOW HITPOINT WARNING * * *
The jackal misses you.
You hit the hound but do no damage.
The hound is severely wounded.
The hound bites you.
You die...

#.≈.# #.≈.# # #.≈.#
#.###.≈.#
......≈.#####
≈≈≈≈≈≈≈.#..^
........#.##
#.....h@h..####
#######.h......
########.#..####
#...........# #
#######.######.##.#
###...##........#.#.#
##~..~~#..######.## #
#≈~≈#≈.#..#
#≈†≈#≈~#.##


You could see a hound and 2 jackals.

Vanquished Creatures
  An adder (D:5)
  4 giant cockroaches (D:5)
  4 jackals (D:5)
  4 quokkas (D:5)
13 creatures vanquished.

Notes
Turn   | Place    | Note
-------+----------+-------------------------------------------
     0 | D:5      | monsoonserge the Spriggan Delver began the quest for the
                  | Orb.
     0 | D:5      | Reached XP level 1. HP: 11/11 MP: 2/2
    98 | D:5      | Reached XP level 2. HP: 16/16 MP: 3/3
   219 | D:5      | Found a glowing drain.
   299 | D:5      | Slain by a hound

Illustrated notes

Levels and vault maps discovered:
D:5:      layout_loops_ring, mainiacjoe_overflow_brackets,
          mainiacjoe_overflow_catwalk, mainiacjoe_overflow_catch_the_wave,
          gup_sewer_entry_pipe

Action                     || total
---------------------------++-------
  Melee: Short sword       ||    63
   Stab: Sleeping          ||     5
 Armour: Robe              ||    23
  Dodge: Dodged            ||    66
